[Event "Titled Tuesday Blitz July 18 Late 2023"]
[White "Ovchinnikov, Vsevolod"]
[Black "Toniutti, Ezio"]
[WhiteFideId "24176842"]
[BlackFideId "113034"]
[WhiteElo "2652"]
[BlackElo "2502"]
[Result "1-0"]
[Round "11"]
[TimeControl "180+2"]
[Date "2023.07.18"]
[WhiteClock "0:00:02"]
[BlackClock "0:00:00"]
[Board "26"]

1. d4 d5 2. c4 c6 3. Nf3 Nf6 4. g3 Bf5 5. Nc3 e6 6. Qb3 Qb6 7. c5 Qxb3 8. axb3 Na6 9. Ne5 Nb4 10. Ra4 a5 11. f3 Bc2 12. Ra3 Be7 13. Bf4 Nh5 14. Bd2 f6 15. Ng4 Kf7 16. Na4 Bd8 17. Bc3 g5 18. Kd2 Bg6 19. e3 Ng7 20. Nf2 Nc2 21. Ra2 h5 22. Bd3 Nb4 23. Bxg6+ Kxg6 24. Ra3 Bc7 25. Nd3 Nxd3 26. Kxd3 g4 27. f4 h4 28. Rg1 hxg3 29. hxg3 Nf5 30. Nb6 Bxb6 31. cxb6 Rh3 32. Rxa5 Rxa5 33. Bxa5 Nxg3 34. Be1 Nf5 35. Rxg4+ Kf7 36. Bd2 Nd6 37. Rg1 Ne4 38. Rg2 Rh1 39. b4 Rd1 40. Kc2 Rh1 41. Bc1 Rh3 42. Bd2 Nd6 43. b3 Nf5 44. Kd3 Ng3 45. Bc1 Ne4 46. Bd2 Rg3 47. Rxg3 Nxg3 48. Be1 Ne4 49. Bh4 Kg6 50. Be1 Kh5 51. Ke2 Kg4 52. Bf2 Nd6 53. Be1 Nc8 54. Bf2 Nxb6 55. Be1 Nc8 56. Bf2 Nd6 57. Be1 Nf5 58. Bf2 Ng3+ 59. Bxg3 Kxg3 60. b5 cxb5 61. b4 Kg2 62. e4 1-0


[Site "https://www.chess.com"]

[Event "Titled Tuesday Blitz July 18 Late 2023"]
[White "Medarde Santiago, Luis Marcos"]
[Black "Kleiman, Jake"]
[WhiteFideId "2263076"]
[BlackFideId "2020041"]
[WhiteElo "2645"]
[BlackElo "2523"]
[Result "1-0"]
[Round "11"]
[TimeControl "180+2"]
[Date "2023.07.18"]
[WhiteClock "0:00:45"]
[BlackClock "0:00:00"]
[Board "27"]

1. e4 e5 2. Nf3 Nc6 3. d4 exd4 4. Bc4 Nf6 5. e5 d5 6. Bb5 Ne4 7. Nxd4 Bd7 8. Bxc6 bxc6 9. O-O Bc5 10. f3 Ng5 11. f4 Ne4 12. Be3 Bb6 13. Nd2 Nxd2 14. Qxd2 c5 15. Nf3 d4 16. Bf2 O-O 17. a4 a5 18. Qd3 f6 19. Rfe1 fxe5 20. Nxe5 Be6 21. Ng6 Qd7 22. Nxf8 Rxf8 23. b3 Rxf4 24. Bg3 Rf6 25. Bh4 Rg6 26. Re2 Qd5 27. Rf1 Rg4 28. Be7 Bf7 29. Ref2 c4 30. Qh3 h5 31. Rxf7 d3+ 32. Kh1 dxc2 33. Rf8+ Kh7 34. bxc4 Qe5 35. Ba3 Be3 36. Bc1 Bxc1 37. Rxc1 Rxc4 38. Rf5 1-0


[Site "https://www.chess.com"]

[Event "Titled Tuesday Blitz July 18 Late 2023"]
[White "Morefield, Jason"]
[Black "Willy, Stephen"]
[WhiteFideId "30920825"]
[BlackFideId "30981468"]
[WhiteElo "2740"]
[BlackElo "2441"]
[Result "1-0"]
[Round "11"]
[TimeControl "180+2"]
[Date "2023.07.18"]
[WhiteClock "0:00:11"]
[BlackClock "0:00:04"]
[Board "28"]

1. Nf3 d5 2. e3 Nf6 3. b3 Bg4 4. Bb2 e6 5. h3 Bh5 6. d3 Nbd7 7. g4 Bg6 8. Nbd2 Bd6 9. d4 c5 10. Bg2 Qc7 11. c4 cxd4 12. Nxd4 a6 13. Rc1 Nc5 14. O-O Nd3 15. Rc2 Nb4 16. Rc1 Nxa2 17. Ra1 Nb4 18. Nb5 Qd8 19. Nxd6+ Qxd6 20. cxd5 exd5 21. g5 Nd7 22. Bxg7 Rg8 23. Bc3 Bd3 24. Nf3 Bxf1 25. Qxf1 Rc8 26. Bd4 Rc2 27. Rd1 Qe6 28. Ne1 Ra2 29. f4 Nc6 30. f5 Qd6 31. Nf3 Qg3 32. Kh1 Ne7 33. f6 Nf5 34. Rc1 Kd8 35. Ne5 Rxg5 36. Nxf7+ Ke8 37. Nxg5 Qxg5 38. f7+ Kxf7 39. Bxd5+ Kg6 40. Be4 Ra5 41. Qf3 Kh6 42. Rg1 Qh5 43. Qf4+ Qg5 44. Qxg5# 1-0


[Site "https://www.chess.com"]

[Event "Titled Tuesday Blitz July 18 Late 2023"]
[White "Bartel, Michal"]
[Black "Wieczorek, Oskar"]
[WhiteFideId "1119257"]
[BlackFideId "1133950"]
[WhiteElo "2579"]
[BlackElo "2708"]
[Result "0-1"]
[Round "11"]
[TimeControl "180+2"]
[Date "2023.07.18"]
[WhiteClock "0:01:55"]
[BlackClock "0:00:14"]
[Board "29"]

1. e4 c6 2. Nc3 d5 3. Qf3 g6 4. exd5 Bg7 5. Nge2 Nf6 6. dxc6 Nxc6 7. a3 O-O 8. h3 e5 9. d3 Re8 10. Be3 Nd4 11. Bxd4 exd4 12. Ne4 Nxe4 13. dxe4 Qa5+ 14. b4 Qc7 15. Qd3 a5 16. Rd1 axb4 17. axb4 Qb6 18. b5 Be6 19. Nxd4 Qa5+ 20. Qd2 Qxd2+ 21. Rxd2 Ra1+ 22. Ke2 Bc4+ 23. Ke3 Rxf1 24. Rxf1 Bxf1 25. Kf3 Bxd4 26. Rxd4 Bxb5 27. Kf4 f6 28. f3 Bc6 29. h4 Kf7 30. g4 h6 31. g5 fxg5+ 32. hxg5 h5 33. Rd6 Re6 34. Rd8 Be8 35. Rb8 Re7 36. c4 Rc7 37. Ke5 Ke7 38. f4 h4 39. f5 h3 40. Ra8 Rxc4 41. Ra2 Bc6 42. f6+ Kf7 43. Rh2 Rxe4+ 44. Kd6 Re6+ 45. Kc7 Bg2 46. Kd7 Re5 47. Kc7 Rxg5 48. Kb6 Kxf6 49. Ka7 Ke5 50. Rxg2 hxg2 51. Kb8 g1=Q 52. Ka8 Qa1+ 53. Kb8 Rf5 54. Kc8 Kd6 55. Kb8 Rf8+ 56. Kxb7 Rf7+ 57. Kb6 Qb2+ 58. Ka5 Kc5 59. Ka6 Kc4 60. Ka5 Kc3 61. Ka6 Kc2 62. Ka5 Kb1 63. Ka6 Ka2 64. Ka5 Rf1 65. Ka6 Ra1 66. Ka5 g5 67. Ka6 g4 68. Ka5 g3 69. Ka6 g2 70. Ka5 g1=Q 71. Ka6 Qgb1 72. Ka5 Qb3 73. Ka6 Q1b2 74. Ka5 Qb4+ 75. Ka6 Q2b3 76. Ka7 Qb5 77. Ka8 Q3b4 78. Ka7 Kb1# 0-1


[Site "https://www.chess.com"]

[Event "Titled Tuesday Blitz July 18 Late 2023"]
[White "Petesch, Gabriel"]
[Black "Smirnov, Pavel"]
[WhiteFideId "2032465"]
[BlackFideId "4123425"]
[WhiteElo "2577"]
[BlackElo "2700"]
[Result "1-0"]
[Round "11"]
[TimeControl "180+2"]
[Date "2023.07.18"]
[WhiteClock "0:01:42"]
[BlackClock "0:02:26"]
[Board "30"]

1. Nf3 Nf6 2. b3 e6 3. Bb2 d5 4. e3 Be7 5. c4 O-O 6. cxd5 Nxd5 7. Be2 c5 8. O-O Nc6 9. d4 Bf6 10. Nc3 Nxc3 11. Bxc3 cxd4 12. Nxd4 Nxd4 13. Bxd4 Bxd4 14. Qxd4 Qxd4 15. exd4 Bd7 16. Bf3 Bc6 17. Bxc6 bxc6 18. Rac1 Rac8 19. Rc4 Rfd8 20. Rfc1 Rd6 21. Kf1 Kf8 22. Ke2 Ke7 23. Ra4 Kd7 24. Rxa7+ Rc7 25. Rxc7+ Kxc7 26. Ke3 Kb6 27. Rc5 Rd7 28. f4 Ra7 29. a4 Rb7 30. Kd3 Kc7 31. Kc4 Kd6 32. b4 Ra7 33. Ra5 Re7 34. Ra6 Rc7 35. b5 f6 36. b6 Rb7 37. a5 Rb8 38. Ra7 g5 1-0


[Site "https://www.chess.com"]

[Event "Titled Tuesday Blitz July 18 Late 2023"]
[White "Voege, Tobias"]
[Black "Quintiliano Pinto, Renato R."]
[WhiteFideId "1270513"]
[BlackFideId "2117568"]
[WhiteElo "2572"]
[BlackElo "2689"]
[Result "1-0"]
[Round "11"]
[TimeControl "180+2"]
[Date "2023.07.18"]
[WhiteClock "0:00:19"]
[BlackClock "0:00:04"]
[Board "31"]

1. d4 Nf6 2. c4 e6 3. Nf3 d5 4. Nc3 dxc4 5. e4 b5 6. e5 Nd5 7. Nxb5 Nb6 8. Be2 Nc6 9. O-O Be7 10. Be3 Bb7 11. Rc1 a6 12. Nc3 Nb4 13. Nd2 Nd3 14. Rb1 c5 15. Nxc4 cxd4 16. Qxd3 Nxc4 17. Bxd4 Rc8 18. Rfd1 O-O 19. Qg3 Qa5 20. Bf3 Bxf3 21. Qxf3 Nxe5 22. Qg3 Ng6 23. a3 Rfd8 24. Be3 Bf6 25. Rxd8+ Qxd8 26. Rd1 Qe7 27. Bd4 h5 28. h3 Bxd4 29. Rxd4 Qb7 30. b4 Qc6 31. Ne2 Qa4 32. Qf3 Qc2 33. Qxh5 Qb1+ 34. Kh2 Qb2 35. Rd7 Qxa3 36. Nf4 Qxb4 37. Nxg6 fxg6 38. Qxg6 Qf4+ 39. Qg3 Qxg3+ 40. Kxg3 Ra8 41. Re7 a5 42. Rxe6 a4 43. Re3 a3 44. Re1 a2 45. Ra1 Kf7 46. Kf3 Ke6 47. Ke3 Kd5 48. Kd3 Kc5 49. Kc3 Rf8 50. Rxa2 1-0


[Site "https://www.chess.com"]

[Event "Titled Tuesday Blitz July 18 Late 2023"]
[White "Pham, Le Thao Nguyen"]
[Black "Amburgy, Ryan"]
[WhiteFideId "12401226"]
[BlackFideId "30924820"]
[WhiteElo "2566"]
[BlackElo "2671"]
[Result "1/2-1/2"]
[Round "11"]
[TimeControl "180+2"]
[Date "2023.07.18"]
[WhiteClock "0:01:31"]
[BlackClock "0:01:43"]
[Board "32"]

1. d4 Nf6 2. Nf3 d5 3. Bf4 c5 4. e3 Nc6 5. Nbd2 cxd4 6. exd4 Bf5 7. c3 e6 8. Qb3 Qc8 9. Nh4 Bg4 10. h3 Bh5 11. g4 Bg6 12. Nxg6 hxg6 13. Bg2 Be7 14. a4 b6 15. Qb5 Qd7 16. Nb3 O-O 17. O-O Ne8 18. a5 Bd6 19. axb6 Bxf4 20. Nc5 Qd6 21. Nb7 Qd7 22. Nc5 Qd6 23. Nb7 Qd7 24. Nc5 1/2-1/2


[Site "https://www.chess.com"]

[Event "Titled Tuesday Blitz July 18 Late 2023"]
[White "Karttunen, Mika"]
[Black "Przybylski, Wojciech"]
[WhiteFideId "502081"]
[BlackFideId "1117599"]
[WhiteElo "2648"]
[BlackElo "2549"]
[Result "1-0"]
[Round "11"]
[TimeControl "180+2"]
[Date "2023.07.18"]
[WhiteClock "0:00:08"]
[BlackClock "0:00:01"]
[Board "33"]

1. e4 e5 2. Nf3 Nf6 3. Nxe5 d6 4. Nf3 Nxe4 5. d4 d5 6. Bd3 Bd6 7. c4 c6 8. Nc3 Nxc3 9. bxc3 O-O 10. O-O Bg4 11. h3 Bh5 12. g4 Bg6 13. Re1 Nd7 14. Bg5 Qc7 15. c5 Bf4 16. Kg2 Rfe8 17. Bh4 Be4 18. Bxe4 dxe4 19. Nd2 g5 20. Bg3 e3 21. Nc4 Nf6 22. Nd6 Re6 23. Qf3 Rae8 24. Bxf4 gxf4 25. Qxf4 Nd5 26. Qg5+ Rg6 27. Nxe8 Qd7 28. Nf6+ Nxf6 29. Qxe3 h5 30. f3 Qd5 31. Qe5 Qc4 32. Re3 hxg4 33. hxg4 Nd5 34. Ree1 Qxc3 35. Rh1 Nf6 36. Rae1 Qd2+ 37. Re2 Qd3 38. Re3 Qd2+ 39. Re2 Qd3 40. Rh3 Qb1 41. Rg3 Qd3 42. g5 Nd5 43. Rh3 f6 44. Qe8+ Kg7 45. Qh8+ Kf7 46. Rh7+ Rg7 47. Qxg7# 1-0


[Site "https://www.chess.com"]

[Event "Titled Tuesday Blitz July 18 Late 2023"]
[White "Graif, William"]
[Black "Leon Oquendo, Jorge"]
[WhiteFideId "2609835"]
[BlackFideId "3514803"]
[WhiteElo "2540"]
[BlackElo "2627"]
[Result "0-1"]
[Round "11"]
[TimeControl "180+2"]
[Date "2023.07.18"]
[WhiteClock "0:00:08"]
[BlackClock "0:00:09"]
[Board "34"]

1. e4 c5 2. Nc3 a6 3. g3 b5 4. Bg2 Bb7 5. d3 e6 6. Nh3 g6 7. O-O Bg7 8. f4 d6 9. f5 e5 10. Nf2 Nf6 11. Bg5 gxf5 12. exf5 Bxg2 13. Kxg2 Nbd7 14. Nfe4 Qc7 15. Bxf6 Nxf6 16. Nxf6+ Bxf6 17. Nd5 Qd8 18. c4 h5 19. Qf3 Ra7 20. h3 Kd7 21. Rab1 b4 22. Qd1 Kc8 23. a3 Bg5 24. axb4 cxb4 25. Qa4 a5 26. Nxb4 Qd7 27. Qxd7+ Kxd7 28. Nd5 Rb8 29. Rf2 a4 30. Ra1 Rb3 31. Ra2 Kc6 32. Nc3 Rb4 33. Rc2 Rb3 34. Kf3 Bd8 35. Ke2 Bb6 36. Nxa4 Bd4 37. Nc3 Rab7 38. Nd1 f6 39. g4 hxg4 40. hxg4 Rh7 41. Ra6+ Kb7 42. Rxd6 Rh2+ 43. Kf3 Rxc2 44. Rxf6 Rxd3+ 45. Ke4 Rxd1 46. g5 Rxc4 47. g6 Bxb2+ 48. Kf3 Rd3+ 49. Ke2 e4 50. Rf7+ Kb6 51. f6 Rc2+ 52. Ke1 Bc3+ 53. Kf1 Rd1# 0-1


[Site "https://www.chess.com"]

[Event "Titled Tuesday Blitz July 18 Late 2023"]
[White "Arabidze, Meri"]
[Black "Rottenwohrer Suarez, Juan"]
[WhiteFideId "13604040"]
[BlackFideId "32068182"]
[WhiteElo "2612"]
[BlackElo "2538"]
[Result "0-1"]
[Round "11"]
[TimeControl "180+2"]
[Date "2023.07.18"]
[WhiteClock "0:00:00"]
[BlackClock "0:01:02"]
[Board "35"]

1. d4 d5 2. c4 e6 3. Nc3 Nf6 4. cxd5 exd5 5. Bg5 c6 6. e3 Bd6 7. Bd3 h6 8. Bh4 O-O 9. Nf3 Be6 10. Qc2 Nbd7 11. a3 Re8 12. O-O Rc8 13. b4 a5 14. Rab1 axb4 15. axb4 b5 16. e4 dxe4 17. Nxe4 Be7 18. Nc5 Bd5 19. Ne5 Bxc5 20. Nxd7 Bxd4 21. Bf5 g5 22. Nxf6+ Qxf6 23. Bxc8 Rxc8 24. Bg3 Ra8 25. Rbd1 Ra2 26. Qd3 Bc3 27. Qe3 Bxb4 28. Qe8+ Bf8 29. Rfe1 h5 30. Re2 Rxe2 31. Qxe2 h4 32. Be5 Qe6 33. Re1 f6 34. Bd4 Qxe2 35. Rxe2 Kf7 36. h3 c5 37. Bb2 c4 38. Rd2 Bc6 39. Rd4 Bc5 40. Rd8 Ke6 41. Rc8 Kd7 42. Rb8 b4 43. Bxf6 c3 44. Bxg5 c2 45. Kf1 Kc7 46. Rh8 b3 47. Bc1 Bd4 48. Rh7+ Kb6 49. Ke2 b2 50. Bxb2 Bxb2 0-1


[Site "https://www.chess.com"]

[Event "Titled Tuesday Blitz July 18 Late 2023"]
[White "Ganiev, Roman"]
[Black "Van Foreest, Machteld"]
[WhiteFideId "4131452"]
[BlackFideId "1051563"]
[WhiteElo "2605"]
[BlackElo "2520"]
[Result "1-0"]
[Round "11"]
[TimeControl "180+2"]
[Date "2023.07.18"]
[WhiteClock "0:00:13"]
[BlackClock "0:00:01"]
[Board "36"]

1. e4 c5 2. Nf3 e6 3. d4 cxd4 4. Nxd4 Nc6 5. Nc3 Nf6 6. Ndb5 Bc5 7. Nd6+ Ke7 8. Bf4 e5 9. Nf5+ Kf8 10. Bg5 d6 11. Be3 Bb4 12. Qd3 d5 13. exd5 Qxd5 14. Qxd5 Nxd5 15. O-O-O Bxf5 16. Nxd5 Rc8 17. c3 Be7 18. Nxe7 Kxe7 19. Bc5+ Kf6 20. Rd6+ Be6 21. Be2 Rhd8 22. Rhd1 Rxd6 23. Rxd6 b6 24. Be3 Nb4 25. a3 Nd5 26. Ba6 Rc7 27. Rd8 Ke7 28. Ra8 Nxe3 29. fxe3 Bb3 30. Be2 Rd7 31. Rc8 f5 32. c4 Kf6 33. c5 bxc5 34. Rxc5 f4 35. exf4 exf4 36. Rc3 Ba4 37. Bf3 Re7 38. Rc4 Bb3 39. Rxf4+ Kg5 40. Rb4 Bf7 41. h4+ Kf6 42. Rf4+ Kg6 43. Rb4 Re1+ 44. Kd2 Rh1 45. h5+ Kh6 46. Rb7 a5 47. Rxf7 Rh2 48. Rf4 g6 49. hxg6 hxg6 50. Ra4 1-0


[Site "https://www.chess.com"]

[Event "Titled Tuesday Blitz July 18 Late 2023"]
[White "ArchibaldCerveza29"]
[Black "Piesik, Piotr"]
[BlackFideId "1136194"]
[WhiteElo "2473"]
[BlackElo "2603"]
[Result "0-1"]
[Round "11"]
[TimeControl "180+2"]
[Date "2023.07.18"]
[WhiteClock "0:00:06"]
[BlackClock "0:00:08"]
[Board "37"]

1. e4 g6 2. d4 Bg7 3. Nc3 c6 4. Nf3 d6 5. Be3 Nf6 6. h3 Nbd7 7. a4 O-O 8. Qd2 e5 9. Be2 Qe7 10. dxe5 dxe5 11. O-O Nc5 12. Bg5 Rd8 13. Qe3 Ne6 14. Bh4 Nd4 15. Rac1 Nxf3+ 16. Bxf3 Be6 17. Rfd1 Qb4 18. b3 Rxd1+ 19. Rxd1 Nd7 20. Nb1 Bf8 21. Nd2 Bc5 22. Qe2 a5 23. Nb1 Nf8 24. Bg5 Qb6 25. Bg4 Re8 26. Bxe6 Nxe6 27. Bf6 Nf4 28. Qd2 Nh5 29. Bg5 Qc7 30. Qe2 f6 31. Bh6 Qf7 32. Nd2 Ng7 33. Be3 Ne6 34. Nc4 Bd4 35. Nxa5 Qc7 36. Nc4 b5 37. axb5 cxb5 38. Na3 b4 39. Nc4 Ra8 40. Bd2 Qc5 41. Ne3 Ra2 42. Nd5 Kf7 43. Qf3 f5 44. Bxb4 Qxc2 45. exf5 Qxf2+ 46. Qxf2 Bxf2+ 47. Kh1 gxf5 48. Bc3 Bd4 49. Bxd4 Nxd4 50. b4 Ke6 51. Nc3 Rb2 52. b5 Nxb5 53. Na4 Rc2 54. Rb1 Nd4 55. Rb6+ Kd5 56. Rh6 e4 57. Nb6+ Kc5 58. Nd7+ Kc4 59. Ne5+ Kc3 60. Rxh7 e3 61. Rc7+ Kd2 62. Rd7 Kc3 63. Rc7+ Kd2 64. Rd7 e2 65. Rxd4+ Ke3 66. Rd3+ Ke4 67. Nf3 Kxd3 68. Ne1+ Kd2 69. Nxc2 Kxc2 70. h4 e1=Q+ 71. Kh2 Qxh4+ 72. Kg1 Kd2 73. g3 Qxg3+ 74. Kh1 Qg4 0-1


[Site "https://www.chess.com"]

[Event "Titled Tuesday Blitz July 18 Late 2023"]
[White "Krishnan, Varun"]
[Black "Ansh M Shah"]
[WhiteFideId "5054508"]
[BlackFideId "25033379"]
[WhiteElo "2599"]
[BlackElo "2514"]
[Result "0-1"]
[Round "11"]
[TimeControl "180+2"]
[Date "2023.07.18"]
[WhiteClock "0:00:00"]
[BlackClock "0:00:22"]
[Board "38"]

1. a3 Nf6 2. d4 g6 3. c4 Bg7 4. Nc3 O-O 5. b4 a5 6. b5 d6 7. Nf3 Nbd7 8. e3 e5 9. Bb2 Re8 10. Be2 c6 11. a4 exd4 12. exd4 d5 13. c5 Ne4 14. O-O Nxc3 15. Bxc3 Nxc5 16. Ne5 Ne4 17. Bb2 c5 18. f3 Ng5 19. f4 Ne6 20. dxc5 Nxc5 21. Rc1 Ne4 22. Bd4 Be6 23. b6 Rc8 24. Bb5 Rf8 25. Qd3 Bf5 26. Qa3 Qh4 27. Rc7 Rxc7 28. bxc7 Rc8 29. Bb6 Qf6 30. Qe3 Bf8 31. g4 Be6 32. Rc1 g5 33. Nd7 Qxf4 34. Qxf4 gxf4 35. Bxa5 Bd6 36. Bb6 f3 37. a5 f2+ 0-1


[Site "https://www.chess.com"]

[Event "Titled Tuesday Blitz July 18 Late 2023"]
[White "Kovacsy, Barnabas"]
[Black "Fonseca Manrique, Enrique"]
[WhiteFideId "769290"]
[BlackFideId "5114330"]
[WhiteElo "2454"]
[BlackElo "2592"]
[Result "0-1"]
[Round "11"]
[TimeControl "180+2"]
[Date "2023.07.18"]
[WhiteClock "0:00:00"]
[BlackClock "0:00:10"]
[Board "39"]

1. e4 c5 2. Nf3 e6 3. d4 cxd4 4. Nxd4 Nc6 5. Nc3 Qc7 6. Be3 a6 7. Be2 Nf6 8. O-O Be7 9. Kh1 O-O 10. f3 d5 11. exd5 exd5 12. Bg5 Qb6 13. Nb3 Be6 14. Qd2 Rad8 15. Na4 Qc7 16. Bf4 Ne5 17. Qa5 Qb8 18. Nd4 Bc8 19. Nb6 Bd6 20. Nxc8 Rxc8 21. Bd3 Nxd3 22. Bxd6 Qxd6 23. cxd3 Qf4 24. Qb6 Rc7 25. Ne2 Qe5 26. d4 Qe7 27. Nc3 Rc6 28. Qb3 Rd8 29. Rae1 Qd7 30. Na4 h5 31. Nc5 Qf5 32. Re5 Qg6 33. Qxb7 Rdc8 34. Rfe1 h4 35. Nd3 Qxd3 0-1


[Site "https://www.chess.com"]

[Event "Titled Tuesday Blitz July 18 Late 2023"]
[White "Gascon Del Nogal, Jose Rafael"]
[Black "Lalanne, Pablo"]
[WhiteFideId "3902463"]
[BlackFideId "112151"]
[WhiteElo "2582"]
[BlackElo "2409"]
[Result "1-0"]
[Round "11"]
[TimeControl "180+2"]
[Date "2023.07.18"]
[WhiteClock "0:00:51"]
[BlackClock "0:00:01"]
[Board "40"]

1. Nf3 c5 2. c4 e6 3. d4 d5 4. cxd5 exd5 5. g3 Nf6 6. Bg2 Nc6 7. O-O Be7 8. dxc5 Bxc5 9. Bg5 Be7 10. Nc3 Be6 11. Nd4 Nxd4 12. Qxd4 O-O 13. Rfd1 h6 14. Bf4 Qa5 15. Nxd5 Bxd5 16. Bxd5 Rfd8 17. e4 Bc5 18. Qc3 Qb6 19. Qf3 Nxd5 20. exd5 Qxb2 21. Rab1 Qxa2 22. Rxb7 Qc2 23. Be3 Bf8 24. Qxf7+ Kh8 25. Rc1 Qh7 26. Rc6 Qg8 27. Rxh6+ gxh6 28. Bd4+ Bg7 29. Bxg7+ Kh7 30. Qf5# 1-0


[Site "https://www.chess.com"]

[Event "Titled Tuesday Blitz July 18 Late 2023"]
[White "brm72"]
[Black "Bogaudinov, Rushan"]
[BlackFideId "4129288"]
[WhiteElo "2582"]
[BlackElo "2400"]
[Result "1-0"]
[Round "11"]
[TimeControl "180+2"]
[Date "2023.07.18"]
[WhiteClock "0:00:29"]
[BlackClock "0:00:00"]
[Board "41"]

1. e4 a6 2. d4 e6 3. Bd3 d5 4. e5 c5 5. c3 Nc6 6. Nf3 Nge7 7. O-O Nf5 8. Re1 cxd4 9. Bxf5 exf5 10. cxd4 Be6 11. Nc3 Be7 12. Be3 O-O 13. Rc1 Rc8 14. Na4 Nb4 15. Rxc8 Qxc8 16. a3 Nc6 17. Qd2 Qc7 18. Rc1 Rc8 19. b4 h6 20. h4 Qd8 21. g3 Na7 22. Nc5 Qb6 23. Ne1 Nc6 24. Ned3 a5 25. Kg2 axb4 26. axb4 Ra8 27. Rb1 Qb5 28. Nf4 Nd8 29. Nh5 Bxc5 30. dxc5 Nc6 31. Bxh6 Qc4 32. Bxg7 Qe4+ 33. Kh2 f4 34. Nf6+ Kxg7 35. Nxe4 dxe4 36. Qxf4 Bd5 37. Rd1 Nxb4 38. Rd4 Ra4 39. Qf6+ Kf8 40. Qb6 e3 41. fxe3 Ra2+ 42. Kh3 Be6+ 43. g4 Nd5 44. Rxd5 Bxd5 45. Qd6+ Kg7 46. Qxd5 Rb2 47. Qd4 Rb3 48. e6+ f6 49. g5 1-0


[Site "https://www.chess.com"]

[Event "Titled Tuesday Blitz July 18 Late 2023"]
[White "Silva Lucena, Cristian"]
[Black "Cordova, Emilio"]
[WhiteFideId "2232588"]
[BlackFideId "3801497"]
[WhiteElo "2433"]
[BlackElo "2779"]
[Result "0-1"]
[Round "11"]
[TimeControl "180+2"]
[Date "2023.07.18"]
[WhiteClock "0:00:00"]
[BlackClock "0:01:00"]
[Board "42"]

1. e4 c5 2. Nf3 e6 3. d4 cxd4 4. Nxd4 Nc6 5. Bf4 d6 6. Nxc6 bxc6 7. Bd3 e5 8. Be3 Nf6 9. h3 d5 10. exd5 cxd5 11. O-O Bd6 12. Bg5 O-O 13. Nc3 d4 14. Bxf6 Qxf6 15. Ne4 Qh6 16. Nxd6 Qxd6 17. Qe2 Bb7 18. Rfe1 Rae8 19. Bb5 Re7 20. c3 dxc3 21. bxc3 f5 22. Rad1 Qg6 23. Bc4+ Kh8 24. Bd5 Bc8 25. Kh1 e4 26. f3 h5 27. fxe4 f4 28. Qf3 Re5 29. Rf1 Bg4 30. hxg4 hxg4 31. Qd3 g3 32. Kg1 Qb6+ 33. Qd4 Qh6 34. Rf3 Rh5 35. Kf1 Rh2 36. e5 Rxg2 37. Kxg2 Qh2+ 38. Kf1 g2+ 39. Ke1 g1=Q+ 40. Qxg1 Qxg1+ 41. Ke2 Qg2+ 42. Rf2 Qg4+ 43. Rf3 g5 44. e6 Kg7 0-1


[Site "https://www.chess.com"]

[Event "Titled Tuesday Blitz July 18 Late 2023"]
[White "Leenhouts, Koen"]
[Black "Mikhailovsky, Vladimir"]
[WhiteFideId "1008439"]
[BlackFideId "34105414"]
[WhiteElo "2528"]
[BlackElo "2713"]
[Result "0-1"]
[Round "11"]
[TimeControl "180+2"]
[Date "2023.07.18"]
[WhiteClock "0:00:00"]
[BlackClock "0:00:21"]
[Board "43"]

1. d4 d5 2. c4 c6 3. Nf3 Nf6 4. g3 Bf5 5. Nc3 e6 6. Nh4 dxc4 7. Nxf5 exf5 8. a4 Bb4 9. Bg2 Ne4 10. O-O Bxc3 11. bxc3 Nxc3 12. Qc2 Ne4 13. Ba3 Nd6 14. Qd2 h5 15. Qe3+ Kf8 16. Rab1 Kg8 17. d5 Rh6 18. dxc6 Nxc6 19. Rfd1 Qc7 20. Bxd6 Rxd6 21. Rxd6 Qxd6 22. Rxb7 Rc8 23. h4 Nd4 24. Rb1 c3 25. Rc1 c2 26. Kh2 f4 27. gxf4 Nxe2 28. Rxc2 Rxc2 29. Qe8+ Qf8 0-1


[Site "https://www.chess.com"]

[Event "Titled Tuesday Blitz July 18 Late 2023"]
[White "Shuvalova, Polina"]
[Black "Besedes, Danilo"]
[WhiteFideId "24171760"]
[BlackFideId "946796"]
[WhiteElo "2643"]
[BlackElo "2558"]
[Result "0-1"]
[Round "11"]
[TimeControl "180+2"]
[Date "2023.07.18"]
[WhiteClock "0:00:02"]
[BlackClock "0:00:09"]
[Board "44"]

1. e4 g6 2. d4 Bg7 3. Nc3 c6 4. Nf3 d5 5. exd5 cxd5 6. Bd3 Nf6 7. Ne2 Nc6 8. c3 Bg4 9. Ng3 O-O 10. h3 Bxf3 11. Qxf3 e6 12. O-O Rb8 13. Bg5 h6 14. Bf4 Rc8 15. Rfe1 a6 16. a4 Nd7 17. h4 e5 18. dxe5 Ndxe5 19. Qd1 Qxh4 20. Bxe5 Nxe5 21. Be2 Rcd8 22. Qb3 Rd7 23. Rad1 Rfd8 24. Nf1 d4 25. cxd4 Rxd4 26. Rxd4 Rxd4 27. Qxb7 Rxa4 28. Bd1 Rb4 29. Qc8+ Kh7 30. b3 Nd3 31. g3 Qd4 32. Re2 Qd6 33. Bc2 Ne5 34. Be4 Qd1 35. Qc2 Qxc2 36. Bxc2 Rb6 37. Kg2 h5 38. Ne3 Rd6 39. Be4 Rd4 40. Bd5 Bh6 41. Bb7 a5 42. Nd5 Bg7 43. Ra2 Rd3 44. Rxa5 Rxb3 45. Ba6 Ng4 46. Ra2 Rb8 47. Be2 Nf6 48. Ne3 Bh6 49. Nf1 Kg7 50. Bc4 Rd8 51. Ra7 Rd7 52. Ra6 Ng4 53. Ra2 Rc7 54. Bd5 Nf6 55. Bf3 Bg5 56. Nh2 h4 57. gxh4 Bxh4 58. Nf1 Bg5 59. Ng3 Bf4 60. Ne2 Be5 61. Ra4 Rc2 62. Ra5 Bc7 63. Ra7 Bd6 64. Ra6 Be5 65. Ra5 Bd6 66. Ra7 Rc7 67. Ra6 Be5 68. Ra5 Re7 69. Ng1 g5 70. Bc6 g4 71. Ra4 Kg6 72. Ne2 Kg5 73. Ra5 Nh5 74. Nc3 f6 75. Ne4+ Kh4 76. Nd2 Nf4+ 77. Kf1 Rc7 78. Ra6 f5 79. Ne4 fxe4 80. Ke1 Bc3+ 81. Kd1 Nd3 82. Ke2 Bd4 83. Bxe4 Nxf2 84. Bf5 Rf7 85. Bg6 Rf6 86. Bc2 Rxa6 87. Kf1 Ra2 88. Kg2 Rxc2 89. Kg1 Kg3 90. Kf1 Rc1+ 91. Ke2 Be3 92. Kxe3 Re1+ 93. Kd2 Re4 94. Kc3 Kf3 0-1


[Site "https://www.chess.com"]

[Event "Titled Tuesday Blitz July 18 Late 2023"]
[White "NigelDwarf"]
[Black "Schnaider, Ilan"]
[BlackFideId "169013"]
[WhiteElo "2514"]
[BlackElo "2635"]
[Result "1-0"]
[Round "11"]
[TimeControl "180+2"]
[Date "2023.07.18"]
[WhiteClock "0:00:42"]
[BlackClock "0:00:07"]
[Board "45"]

1. Nf3 Nf6 2. c4 g6 3. Nc3 Bg7 4. e4 e5 5. Nxe5 O-O 6. d4 Re8 7. Bg5 d6 8. Nf3 Nxe4 9. Nxe4 Rxe4+ 10. Be2 Qe8 11. Be3 Nc6 12. O-O Bf5 13. Kh1 Nxd4 14. Bxd4 Rxe2 15. Bxg7 Kxg7 16. Nd4 Re5 17. f4 Re4 18. Nxf5+ gxf5 19. Qd5 Qe6 20. Qxb7 Re8 21. b3 Qf6 22. Qxa7 Rxf4 23. Qxc7 Rfe4 24. h3 f4 25. Rad1 R8e6 26. a4 Re2 27. a5 Qb2 28. Rxf4 Re1+ 29. Rxe1 Rxe1+ 30. Kh2 Qe5 31. Qxf7+ Kh6 32. Qf6+ Qxf6 33. Rxf6+ Kg5 34. Rxd6 h5 35. b4 Re2 36. a6 Kh4 37. Rd4+ Kg5 38. Rd5+ Kh4 39. a7 Rxg2+ 40. Kh1 Rh2+ 41. Kg1 Rg2+ 42. Kf1 Ra2 43. Ra5 1-0


[Site "https://www.chess.com"]

[Event "Titled Tuesday Blitz July 18 Late 2023"]
[White "NLLO777"]
[Black "Pinero Rodriguez, Carlos Jose"]
[BlackFideId "3901726"]
[WhiteElo "2461"]
[BlackElo "2606"]
[Result "0-1"]
[Round "11"]
[TimeControl "180+2"]
[Date "2023.07.18"]
[WhiteClock "0:00:14"]
[BlackClock "0:01:47"]
[Board "46"]

1. d4 Nf6 2. c4 e6 3. Nf3 Bb4+ 4. Bd2 Qe7 5. g3 O-O 6. Bg2 Bxd2+ 7. Qxd2 d6 8. Nc3 c6 9. O-O e5 10. e3 Re8 11. Rfd1 h6 12. Rac1 e4 13. Ne1 Bf5 14. b4 Nbd7 15. a4 a5 16. b5 c5 17. Nc2 Rad8 18. Nd5 Nxd5 19. cxd5 b6 20. dxc5 dxc5 21. d6 Qe6 22. Na3 Ne5 23. Qd5 Rd7 24. Nc4 Nxc4 25. Rxc4 Qxd5 26. Rxd5 Be6 27. Bxe4 Bxd5 28. Bxd5 Rxd6 29. e4 Red8 30. Kg2 Kf8 31. Rc3 Rxd5 32. exd5 Rxd5 33. Rc4 Ke7 34. Kf3 f5 35. h4 Rd4 36. Rc3 Rxa4 37. Re3+ Kd7 38. Rd3+ Rd4 39. Re3 g5 40. Re5 gxh4 41. Rxf5 hxg3 42. Kxg3 Ke6 43. Rf8 Rb4 44. f4 h5 45. Kh4 Ke7 46. Rf5 a4 47. Kg5 a3 48. Re5+ Kf7 49. Rd5 Rxb5 50. f5 a2 51. Rd7+ Ke8 52. Rd1 Rb1 53. Rd6 a1=Q 54. f6 Rg1+ 55. Kf5 Qb1+ 56. Ke6 Re1+ 57. Kd5 Rd1+ 58. Kc6 Rxd6+ 59. Kc7 Rxf6 60. Kc8 b5 61. Kc7 c4 62. Kc8 b4 63. Kc7 b3 64. Kc8 c3 65. Kc7 Qh7+ 66. Kb8 c2 67. Ka8 b2 68. Kb8 c1=Q 69. Ka8 h4 70. Kb8 h3 71. Ka8 h2 72. Kb8 b1=Q+ 73. Ka8 h1=Q# 0-1


[Site "https://www.chess.com"]